 Dungeon Crawl Stone Soup version 0.29.1-14-g9c671dbff4 (webtiles) character file.

Game seed: 3167759368482138414

1917 LLlMATKO the Chopper (level 8, 0/74 HPs)
             Began as a Minotaur Berserker on Feb 19, 2023.
             Was an Elder of Trog.
             Slain by a two-headed ogre
             ... wielding a +0 giant club
              (14 damage)
             ... on level 7 of the Dungeon.
             The game lasted 00:07:14 (5968 turns).

LLlMATKO the Chopper (Minotaur Berserker)           Turns: 5968, Time: 00:07:15

Health: 0/74       AC: 17    Str: 23    XL:     8   Next: 95%
Magic:  7/7        EV: 10    Int:  4    God:    Trog [****..]
Gold:   367        SH:  0    Dex: 11    Spells: 7/7 levels left

rFire   . . .      SeeInvis .   E - +1 battleaxe (flame)
rCold   . . .      Faith    .   (shield currently unavailable)
rNeg    . . .      Spirit   .   y - +0 chain mail
rPois   .          Reflect  .   t - +0 hat
rElec   .          Harm     .   c - +0 cloak
rCorr   .          Rampage  .   (no gloves)
Will    .....                   x - +0 pair of boots
Stlth   ..........              e - amulet of the acrobat
HPRegen 0.22/turn               j - +4 ring of protection
MPRegen 0.10/turn               (no ring)

@: no status effects
A: horns 2, retaliatory headbutt
a: Renounce Religion, Berserk, Trog's Hand, Brothers in Arms


You were on level 7 of the Dungeon.
You worshipped Trog.
Trog was greatly pleased with you.
You visited 1 branch of the dungeon, and saw 7 of its levels.

You collected 367 gold pieces.

Inventory:

Hand Weapons
 a - a +0 hand axe
 E - a +1 battleaxe of flaming (weapon)
Missiles
 v - 4 javelins (quivered)
 C - 17 poisoned darts
 H - a boomerang
Armour
 c - a +0 cloak (worn)
 t - a +0 hat (worn)
 x - a +0 pair of boots (worn)
 y - a +0 chain mail (worn)
Jewellery
 e - an amulet of the acrobat (around neck)
 j - a +4 ring of protection (left hand)
 s - a ring of ice
 u - the amulet of Fedhas's Outrage {Drain rPois rN++ Regen+ MP+9}
   (You found it on level 2 of the Dungeon)

   [amulet of regeneration]

   rPois:     It protects you from poison.
   rN:        It greatly protects you from negative energy.
   MP:        It affects your magic capacity (+9).
   Regen:     It increases your rate of health regeneration.
   Drain:     It drains your maximum health when unequipped.
 w - a ring of see invisible
 K - an amulet of faith
 M - a ring of ice
 N - a ring of protection from fire
Wands
 A - a wand of digging (3)
 P - a wand of quicksilver (7)
Scrolls
 f - a scroll of silence {unknown}
 h - 8 scrolls of identify {unknown}
 k - 3 scrolls of immolation {unknown}
 l - 5 scrolls of teleportation {unknown}
 m - a scroll of amnesia {unknown}
 n - 3 scrolls of enchant armour {unknown}
 p - a scroll of brand weapon {unknown}
 q - 2 scrolls of fear {unknown}
 r - a scroll of poison {unknown}
 D - a scroll of magic mapping {unknown}
 Q - a scroll of vulnerability {unknown}
Potions
 b - 2 potions of might {unknown}
 d - 11 potions of curing {unknown}
 g - 2 potions of mutation {unknown}
 i - 4 potions of cancellation {unknown}
 o - a potion of magic {unknown}
 z - a potion of ambrosia {unknown}
 B - a potion of degeneration {unknown}
 F - a potion of berserk rage {unknown}
 G - 2 potions of attraction {unknown}
 I - 4 potions of flight {unknown}
 J - 2 potions of resistance {unknown}
 L - a potion of brilliance {unknown}
 O - a potion of heal wounds {unknown}


   Skills:
 + Level 7.8 Fighting
 + Level 7.9 Axes
 + Level 7.2 Armour
 + Level 6.7 Dodging


You had 7 spell levels left.
You didn't know any spells.
Your spell library was empty.

Dungeon Overview and Level Annotations

Branches:
Dungeon (7/15)             Temple (0/1) D:6

Altars:
Dithmenos

Shops:
D:3 (


Innate Abilities, Weirdness & Mutations

You have a pair of horns on your head.
You reflexively headbutt those who attack you in melee.


Message History

You see here a +2 short sword of venom.
d - 11 emerald potions (gained 1)
Found an escape hatch in the ceiling.
There is an escape hatch in the ceiling here.
A mysterious force pulls you upwards. The hatch slams shut behind you.
(D) Dungeon (T) Temple
Where to? (Enter - D:7 @ (x,y), ? - help)
Things that are here:
a +0 robe; a +0 short sword
There is a stone staircase leading down here.
You climb downwards.
There is a stone staircase leading up here.
You see here a hound skeleton.
A two-headed ogre comes into view.
It is wielding a +0 giant club and a +0 giant spiked club.
Throw: 6 javelins
Press: ? - help, Q - select action, (/) - cycle Shift-Dir - straight line, f - two-headed ogre
Aim: a two-headed ogre, wielding a +0 giant club and a +0 giant spiked club (74% to hit)
You throw a javelin.
The javelin pierces through the two-headed ogre but does no damage.
Throw: 5 javelins
Press: ? - help, Q - select action, (/) - cycle Shift-Dir - straight line, f/p - two-headed ogre
Aim: a two-headed ogre, wielding a +0 giant club and a +0 giant spiked club (74% to hit)
You throw a javelin.
The javelin pierces through the two-headed ogre!
The two-headed ogre is moderately wounded.
You closely miss the two-headed ogre.
The two-headed ogre is lightly wounded.
The two-headed ogre barely misses you. You furiously retaliate!
You headbutt the two-headed ogre!
The two-headed ogre hits you with a +0 giant spiked club.
You hit the two-headed ogre. You burn the two-headed ogre.
The two-headed ogre is heavily wounded.
The two-headed ogre hits you with a +0 giant club!!
The two-headed ogre hits you with a +0 giant spiked club!!
* * * LOW HITPOINT WARNING * * *
You are too injured to fight recklessly!
You are too injured to fight recklessly!
The two-headed ogre attacks as you move away!
The two-headed ogre hits you with a +0 giant club!
You die...

#### ### #.. .(#
#.# #.# #.# #.#
#.# #.# #.# #.#
#.# #O# #.# #@#
#.#######.#
#....#....#
####.#.####
#######.#.#
..........#
##.####.##########
#.รท........#
##########.#


You could see a two-headed ogre.

Vanquished Creatures
  Sigmund (D:5)
  Eustachio (D:4)
  Edmund (D:6)
  A water moccasin (D:4)
  A black bear (D:4)
  A centaur (D:5)
  A kobold brigand (D:7)
  Blork the orc (D:6)
  A bullfrog (D:6)
  A necrophage (D:6)
  A gnoll sergeant (D:5)
  2 scorpions (D:4)
  4 hounds
  3 jellies
  Crazy Yiuf (D:3)
  A gnoll bouda (D:6)
  2 iguanas
  Ijyb (D:3)
  7 orc wizards
  7 gnolls
  8 adders
  A shadow imp (D:6)
  A white imp (D:5)
  4 worms
  2 dart slugs
  12 orcs
  5 bats
  14 endoplasms
  3 giant cockroaches
  9 goblins
  11 hobgoblins
  3 jackals (D:1)
  19 kobolds
  2 quokkas
  13 ball pythons
  3 frilled lizards
  4 rats
153 creatures vanquished.

Vanquished Creatures (others)
  7 fungi (D:2)
  2 plants (D:4)
  6 toadstools (D:2)
15 creatures vanquished.

Grand Total: 168 creatures vanquished

Notes
Turn   | Place    | Note
-------+----------+-------------------------------------------
     0 | D:1      | LLlMATKO the Minotaur Berserker began the quest for the
                  | Orb.
     0 | D:1      | Reached XP level 1. HP: 19/19 MP: 0/0
   356 | D:1      | Reached XP level 2. HP: 27/27 MP: 1/1
   512 | D:1      | Found a faded altar of an unknown god.
   745 | D:1      | HP: 1/27 [poisoned by a goblin]
  1399 | D:2      | Reached ** piety under Trog
  1449 | D:2      | Reached XP level 3. HP: 33/33 MP: 2/2
  1635 | D:2      | Identified the amulet of Fedhas's Outrage {Drain rPois rN++
                  | Regen+ MP+9}
  1666 | D:2      | Reached XP level 4. HP: 41/41 MP: 3/3
  1776 | D:2      | Reached XP level 5. HP: 47/47 MP: 4/4
  2315 | D:3      | Reached skill level 5 in Axes
  2318 | D:3      | Reached skill level 5 in Fighting
  2439 | D:3      | Noticed Ijyb
  2446 | D:3      | Killed Ijyb
  2447 | D:3      | Reached XP level 6. HP: 56/56 MP: 5/5
  2460 | D:3      | Found a runed translucent door.
  2461 | D:3      | Noticed Crazy Yiuf
  2472 | D:3      | Killed Crazy Yiuf
  2702 | D:3      | Found Ceedoirr's Antique Weapon Emporium.
  2845 | D:3      | Reached *** piety under Trog
  3506 | D:4      | Noticed Eustachio
  3512 | D:4      | Killed Eustachio
  3513 | D:4      | Reached skill level 5 in Armour
  3513 | D:4      | Reached XP level 7. HP: 62/63 MP: 6/6
  3624 | D:4      | Identified the +1 leather armour of the Apothecary {rElec
                  | rC+ Str+3}
  3731 | D:4      | Reached skill level 5 in Dodging
  4093 | D:5      | Entered Level 5 of the Dungeon
  4228 | D:5      | Reached XP level 8. HP: 59/71 MP: 7/7
  4508 | D:5      | Found a shadowy altar of Dithmenos.
  4726 | D:5      | Noticed Sigmund
  4733 | D:5      | Killed Sigmund
  5028 | D:6      | You fall into a shaft and drop 1 floor!
  5085 | D:6      | Noticed Blork the orc
  5092 | D:6      | Killed Blork the orc
  5258 | D:6      | Found a staircase to the Ecumenical Temple.
  5352 | D:6      | Reached **** piety under Trog
  5439 | D:6      | Noticed Edmund
  5443 | D:6      | Killed Edmund
  5962 | D:7      | Noticed a two-headed ogre
  5968 | D:7      | Slain by a two-headed ogre

Illustrated notes

Levels and vault maps discovered:
D:1:      arrival_zaba_pyramid, layout_basic,
          shapermc_ecumenical_altar_totnotflames
D:2:      cheibrodos_fertilizer, layout_loops_ring, nicolae_wormholes
D:3:      layout_basic, serial_shops, shop_fountains, uniq_crazy_yiuf_cottage,
          uniq_ijyb
D:4:      cheibrodos_barr_body, layout_loops_ring, guppyfry_early_lair_pool,
          uniq_eustachio
D:5:      layout_basic, grunt_dithmenos_smoke_and_mirrors, minivault_14,
          uniq_sigmund
D:6:      layout_basic, minmay_temple_entry_hall, uniq_edmund,
          uniq_blork_the_orc
D:7:      layout_basic, mainiacjoe_overflow_cross_hatched,
          hangedman_abyss_or_decor_stagger, kennysheep_generic_room_13

Skill      XL: |  1  2  3  4  5  6  7  8 |
---------------+-------------------------+-----
Axes           | 4 5 6 7 |  7.9
Fighting       | 4 5 6 7 |  7.8
Armour         | 3 4 5 7 |  7.2
Dodging        | 3 4 5 6 |  6.7

Action                   |  1- 3 |  4- 6 |  7- 9 || total
-------------------------+-------+-------+-------++-------
Melee: Hand axe          |    71 |   109 |       ||   180
       Headbutt          |     7 |    17 |    11 ||    35
       Punch             |       |     1 |       ||     1
       Battleaxe         |       |    26 |   114 ||   140
Throw: Javelin           |       |    12 |    28 ||    40
Invok: Berserk           |     1 |     2 |     1 ||     4
 Stab: Sleeping          |     1 |       |       ||     1
Armor: Animal skin       |    19 |     6 |       ||    25
       Chain mail        |       |    51 |    81 ||   132
Dodge: Dodged            |    58 |    60 |    64 ||   182
